 Dungeon Crawl Stone Soup version 0.22.1-1-ga44c0e5 (webtiles) character file.

2787 dvd the Zephyrmancer (level 9, -13/46 HPs)
             Began as a Tengu Air Elementalist on Oct 29, 2018.
             Was a Believer of Vehumet.
             Killed from afar by Erica (28 damage)
             ... with a bolt of poison
             ... on level 8 of the Dungeon.
             The game lasted 00:28:33 (9134 turns).

dvd the Zephyrmancer (Tengu Air Elementalist)       Turns: 9134, Time: 00:28:34

Health: -13/46     AC:  5    Str:  9    XL:     9   Next: 70%
Magic:  0/19       EV: 13    Int: 19    God:    Vehumet [**....]
Gold:   422        SH:  0    Dex: 14    Spells: 6/21 levels left

rFire    . . .     SeeInvis .   K - +0 short sword (venom)
rCold    . . .     Gourm    .   (no shield)
rNeg     . . .     Faith    .   M - +2 robe {MR+}
rPois    .         Spirit   .   (helmet restricted)
rElec    .         Reflect  .   (no cloak)
rCorr    .         Harm     .   g - +0 pair of gloves
MR       ++...                  (boots unavailable)
Stlth    +++.......             (no amulet)
HPRegen  0.15/turn              C - ring of protection from magic
MPRegen  0.16/turn              (no ring)

@: lethally poisoned (-13 -> -29)
A: beak, talons 3, able to fly 1
a: Fly, Renounce Religion


You were on level 8 of the Dungeon.
You worshipped Vehumet.
Vehumet was pleased with you.
You were near starving.

You visited 2 branches of the dungeon, and saw 9 of its levels.
You also visited: Sewer.

You collected 422 gold pieces.

Inventory:

Hand Weapons
 a - a +6 battleaxe
 m - a +2 dagger of freezing
 n - a +3 flail
 o - a -2 great sword
 s - a +0 flail of crushing
 K - a +0 short sword of venom (weapon)
 L - a +3 spear
 O - a +3 hand axe
Armour
 g - a +0 pair of gloves (worn)
 q - a +0 buckler
 x - a +0 cloak
 F - a scarf of cloud immunity
 G - a +1 ring mail of cold resistance
 M - a +2 robe of magic resistance (worn)
 N - a +1 robe of positive energy
Jewellery
 C - a ring of protection from magic (left hand)
 I - an uncursed ring of ice
Wands
 H - a wand of random effects (11)
Scrolls
 b - 11 scrolls of teleportation {unknown}
 e - 2 scrolls of immolation
 h - 2 scrolls of remove curse
 j - 4 scrolls of identify
 l - a scroll of enchant weapon {unknown}
 p - a scroll of silence {unknown}
 u - 4 scrolls of amnesia {unknown}
 v - a scroll of noise {unknown}
 w - a scroll of blinking {unknown}
 y - a scroll of enchant armour {unknown}
 D - a scroll of fog {unknown}
 E - 3 scrolls of magic mapping {unknown}
 J - a scroll of random uselessness {unknown}
Potions
 d - 5 potions of lignification {unknown}
 f - 3 potions of berserk rage {unknown}
 i - a potion of agility {unknown}
 k - a potion of mutation {unknown}
 r - 2 potions of heal wounds
 t - a potion of brilliance {unknown}
 z - 2 potions of flight {unknown}
 A - 4 potions of curing {unknown}
 B - a potion of magic
 Q - a potion of degeneration {unknown}
Comestibles
 c - 13 rations


   Skills:
 + Level 0.8 Fighting
 + Level 2.3 Short Blades
 + Level 0.8 Armour
 + Level 3.2 Dodging
 + Level 4.0 Stealth
 + Level 0.1 Shields
 + Level 6.6 Spellcasting
 + Level 8.3 Conjurations
 + Level 10.5 Air Magic


You had 6 spell levels left.
You knew the following spells:

 Your Spells              Type           Power        Failure   Level  Hunger
a - Shock                 Conj/Air       ####         1%          1    None
b - Static Discharge      Conj/Air       #####...     1%          3    ##.....
c - Airstrike             Air            #####.....   1%          4    ####...
d - Lightning Bolt        Conj/Air       #####.....   6%          5    #####..
e - Sting                 Conj/Pois      ###.         1%          1    None
f - Flame Tongue          Conj/Fire      ###..        1%          1    None

Your spell library contained the following spells:

 Spells                   Type           Power        Failure   Level  Hunger
 Swiftness                Chrm/Air       ####....     1%          2    None


Dungeon Overview and Level Annotations

Branches:
Dungeon (8/15)             Temple (1/1) D:4
   Lair: D:8-11

Altars:
Ashenzari
Cheibriados
Dithmenos
Elyvilon
Fedhas
Gozag
Hepliaklqana
Kikubaaqudgha
Makhleb
Nemelex Xobeh
Okawaru
Qazlal
Sif Muna
Trog
Uskayaw
Vehumet
Wu Jian
Xom
Yredelemnul
Zin
The Shining One

Shops:
D:6 (

Annotations:
D:8 Erica


Innate Abilities, Weirdness & Mutations

You have a beak for a mouth.
You have claws for feet.
You can fly.


Message History

You hear a mighty clap of thunder!
You hear a shout!
Unknown command.
Casting: Lightning Bolt (safe; 6% risk of failure)
Confirm with . or Enter, or press ? or * to list all spells.
You don't have enough magic to cast that spell.
Unknown command.
Unknown command.
Casting: Lightning Bolt (safe; 6% risk of failure)
Confirm with . or Enter, or press ? or * to list all spells.
Aiming: Airstrike (safe; 1% risk of failure)
Press: ? - help, Dir - move target cursor The air twists around and strikes something!
Something hits you! Something burns you.
Unknown command.
You hit something.
You hear some strange, mumbled words.
A bolt of poison appears from out of thin air!
The bolt of poison hits you!
You are lethally poisoned!
Ouch! That really hurt!
You die...

..#...................## #..#.
..#....................### ##...
###.........)............# #.#.
###)...................#.#####.#.
........##.......).............##
........# #...)......#.........##
........###...............###....
.............###.#..#.#.#.# ##...
............####@.........# #...
........(..(..รท.{#.##.#.#......#.
........#..(...?...##.#....###...
.......(..............#....# #.#.
...............<..###..###.......
##.##.....<.......# ##.# ... .
##....#.##.##..>.... .# #.
.#..##.....##.....##..
.#.#.......##.....# #..


There were no monsters in sight!

Vanquished Creatures
  A hippogriff (D:7)
  Menkaure (D:7)
  2 ice beasts
  3 black bears
  A necrophage (D:7)
  A phantom (D:4)
  4 ogres
  2 big kobolds
  Blork the orc (D:6)
  3 scorpions
  7 wights (D:6)
  2 crimson imps
  2 bullfrog zombies (D:7)
  3 hounds
  3 orc wizards
  2 jellies
  2 iguanas
  7 worker ants
  A hound zombie (D:7)
  3 hound skeletons
  A howler monkey zombie (D:5)
  2 gnolls (D:2)
  A howler monkey skeleton (D:5)
  2 river rats (Sewer)
  7 adders
  A shadow imp (D:8)
  2 oozes (D:4)
  An adder skeleton (D:5)
  3 worms
  A dart slug (D:3)
  6 leopard geckos
  11 orcs
  2 ball pythons
  7 bats
  12 giant cockroaches
  7 goblins
  4 hobgoblins
  6 jackals
  13 kobolds
  2 quokkas
  6 frilled lizards
  2 leopard gecko skeletons (D:4)
  4 quokka skeletons
  7 rats
161 creatures vanquished.

Vanquished Creatures (others)
  An ogre (D:7)
  An orc wizard (D:7)
  A hound (D:7)
  A worker ant (D:7)
  A leopard gecko (D:7)
5 creatures vanquished.

Grand Total: 166 creatures vanquished

Notes
Turn   | Place    | Note
-------+----------+-------------------------------------------
     0 | D:1      | dvd the Tengu Air Elementalist began the quest for the Orb.
     0 | D:1      | Reached XP level 1. HP: 10/10 MP: 4/4
   164 | D:1      | Reached XP level 2. HP: 15/15 MP: 4/6
   557 | D:1      | Reached XP level 3. HP: 19/19 MP: 4/7
   562 | D:1      | Learned a level 3 spell: Static Discharge
  1304 | D:2      | Reached skill level 5 in Air Magic
  1758 | D:2      | Reached XP level 4. HP: 24/24 MP: 5/9
  2228 | D:2      | Found an iron altar of Okawaru.
  2332 | D:3      | Found a blossoming altar of Fedhas.
  2402 | D:3      | Learned a level 4 spell: Airstrike
  2450 | D:3      | Gained mutation: You can fly. [Tengu growth]
  2450 | D:3      | Reached XP level 5. HP: 28/28 MP: 2/10
  2459 | D:3      | Found a glowing drain.
  2557 | Sewer    | Entered a sewer
  2687 | Sewer    | Noticed a big kobold
  2722 | Sewer    | Killed a big kobold
  2722 | Sewer    | Reached skill level 6 in Air Magic
  2827 | Sewer    | Reached XP level 6. HP: 32/32 MP: 4/11
  2877 | Sewer    | Found a white marble altar of Elyvilon.
  3039 | D:3      | Found a blossoming altar of Fedhas.
  3888 | D:4      | Noticed a phantom
  3912 | D:4      | Killed a phantom
  3912 | D:4      | Reached XP level 7. HP: 36/36 MP: 1/14
  4017 | D:4      | Found a staircase to the Ecumenical Temple.
  4026 | Temple   | Entered the Ecumenical Temple
  4212 | Temple   | Became a worshipper of Vehumet
  4403 | D:4      | Reached skill level 7 in Air Magic
  4490 | D:4      | Reached skill level 5 in Conjurations
  4860 | D:5      | Entered Level 5 of the Dungeon
  5227 | D:5      | Reached skill level 1 in Short Blades
  5227 | D:5      | Reached XP level 8. HP: 37/41 MP: 4/16
  5388 | D:5      | Reached skill level 5 in Spellcasting
  5678 | D:5      | Reached * piety under Vehumet
  5678 | D:5      | Offered knowledge of Freeze by Vehumet.
  5710 | D:5      | Learned a level 5 spell: Lightning Bolt
  6259 | D:6      | Found a bloodstained altar of Trog.
  6268 | D:6      | Reached skill level 8 in Air Magic
  6593 | D:6      | Noticed Blork the orc
  6608 | D:6      | Killed Blork the orc
  6617 | D:6      | Reached skill level 9 in Air Magic
  6752 | D:6      | Reached XP level 9. HP: 46/46 MP: 13/18
  6904 | D:6      | Found Xippur's Weapon Emporium.
  7130 | D:6      | Found a basalt altar of Yredelemnul.
  7168 | D:6      | Found a deep blue altar of Sif Muna.
  7307 | D:6      | Identified Sif Muna's Disquisition on Envenoming
  7323 | D:6      | Learned a level 1 spell: Sting
  7731 | D:6      | Found a faded altar of an unknown god.
  7731 | D:6      | Found a shadowy altar of Dithmenos.
  7736 | D:6      | Found a glowing golden altar of the Shining One.
  7738 | D:6      | Found a hide-covered altar of Uskayaw.
  7739 | D:6      | Found a faded altar of an unknown god.
  8000 | D:7      | Found a burning altar of Makhleb.
  8007 | D:7      | Offered knowledge of Flame Tongue by Vehumet.
  8010 | D:7      | Learned a level 1 spell: Flame Tongue
  8088 | D:7      | Noticed Menkaure
  8092 | D:7      | Killed Menkaure
  8276 | D:7      | Found a shimmering altar of Xom.
  8311 | D:7      | Found an ornate altar of the Wu Jian Council.
  8472 | D:7      | Reached ** piety under Vehumet
  8472 | D:7      | Reached skill level 10 in Air Magic
  8874 | D:8      | Noticed Erica
  9039 | D:8      | Found a blossoming altar of Fedhas.
  9069 | D:8      | Found a snail-covered altar of Cheibriados.
  9134 | D:8      | Killed from afar by Erica

Skill      XL: |  1  2  3  4  5  6  7  8  9 |
---------------+----------------------------+-----
Air Magic      | 5 6 7 9 10 | 10.5
Conjurations   | 2 3 4 5 7 8 |  8.3
Spellcasting   | 3 4 5 6 |  6.6
Stealth        | 3 4 |  4.0
Short Blades   | 1 2 |  2.3
Dodging        | 3 |  3.2
Fighting       | |  0.8
Armour         | |  0.8
Shields        | |  0.1

Action                   |  1- 3 |  4- 6 |  7- 9 || total
-------------------------+-------+-------+-------++-------
Melee: Dagger            |    11 |    23 |    56 ||    90
       Kick              |     1 |     8 |    14 ||    23
       Peck              |     1 |     3 |     9 ||    13
       Short sword       |       |       |     2 ||     2
 Cast: Shock             |    58 |   104 |   141 ||   303
       Static Discharge  |     2 |     6 |    21 ||    29
       Airstrike         |       |     1 |    25 ||    26
       Sting             |       |       |     3 ||     3
       Flame Tongue      |       |       |     3 ||     3
       Lightning Bolt    |       |       |     2 ||     2
 Abil: Fly               |       |       |     1 ||     1
  Use: Scroll            |       |       |     4 ||     4
 Stab: Sleeping          |       |       |     4 ||     4
  Eat: Chunk             |     3 |     8 |    16 ||    27
       Ration            |       |       |     1 ||     1
Armor: Robe              |     6 |    10 |    12 ||    28
       Ring mail         |       |       |    16 ||    16
Dodge: Dodged            |     9 |    20 |    43 ||    72
Block: Buckler           |     1 |       |       ||     1
